 Dungeon Crawl Stone Soup version 0.27.1-2-g3b301248ec (webtiles) character file.

Game seed: 13458789302818095641

277 speeev33 the Covered (level 6, -1/39 HPs)
             Began as a Gargoyle Fighter on Sept 28, 2021.
             Slain by an ogre (17 damage)
             ... on level 4 of the Dungeon.
             The game lasted 00:07:20 (4041 turns).

speeev33 the Covered (Gargoyle Fighter)             Turns: 4041, Time: 00:07:20

Health: -1/39      AC: 12    Str: 22    XL:     6   Next: 26%
Magic:  6/6        EV:  7    Int:  8    God:
Gold:   87         SH: 10    Dex:  9    Spells: 5/5 levels left

rFire    . . .     SeeInvis .   g - +4 flail (drain)
rCold    . . .     Faith    .   c - +1 kite shield
rNeg     + . .     Spirit   .   b - +0 scale mail
rPois    ∞         Reflect  .   (no helmet)
rElec    +         Harm     .   j - +0 cloak
rCorr    .         Rampage  .   (no gloves)
Will     .....                  (no boots)
Stlth    ..........             (no amulet)
HPRegen  0.13/turn              (no ring)
MPRegen  0.10/turn              (no ring)

@: mighty
A: sickness immunity, AC +4, negative energy resistance 1, electricity
resistance, torment resistance 1, petrification resistance
a: no special abilities


You were on level 4 of the Dungeon.
You visited 1 branch of the dungeon, and saw 4 of its levels.

You collected 87 gold pieces.

Inventory:

Hand Weapons
 g - a +4 flail of draining (weapon)
 l - a +0 morningstar
Armour
 b - a +0 scale mail (worn)
 c - a +1 kite shield (worn)
 j - a +0 cloak (worn)
Scrolls
 m - a scroll of amnesia
 o - a scroll of holy word
 q - a scroll of magic mapping
Potions
 a - a potion of lignification {unknown}
 e - a potion of ambrosia
 f - 4 potions of curing
 h - 2 potions of brilliance
 i - a potion of resistance {unknown}
 k - a potion of cancellation {unknown}


   Skills:
 + Level 4.6 Fighting
 + Level 3.5 Maces & Flails
 + Level 4.7 Armour
 + Level 4.6 Shields


You had 5 spell levels left.
You didn't know any spells.
Your spell library was empty.

Dungeon Overview and Level Annotations

Branches:
Dungeon (4/15)
 Temple: D:4-7

Altars:
Ru
The Shining One

Shops:
D:2 [


Innate Abilities, Weirdness & Mutations

You are immune to sickness and miasma.
Your stone body is resilient. (AC +4)
You are immune to poison.
You resist negative energy. (rN+)
You are resistant to electric shocks. (rElec)
You are resistant to unholy torment.
You are immune to petrification.


Message History

As you read the scroll labelled YLUJEU QEPP, it crumbles to dust.
You feel strangely unstable.
It was a scroll of teleportation.
Blink to where?
Press: ? - help, Dir - move target
As you read the scroll labelled GIPSE RICVOU, it crumbles to dust.
It was a scroll of blinking.
You now have 87 gold pieces (gained 9).
Your surroundings suddenly seem different.
The ogre shouts!
An ogre is nearby!
You block the ogre's attack.
There is an open door here.
You thump the ogre!
The ogre is moderately wounded.
The ogre hits you with a +0 giant club!!
Ouch! That really hurt!
You are too injured to fight recklessly!
You are too injured to fight recklessly!
You are too injured to fight recklessly!
You are too injured to fight recklessly!
You are too injured to fight recklessly!
You are too injured to fight recklessly!
You are too injured to fight recklessly!
You are too injured to fight recklessly!
You are too injured to fight recklessly!
You are too injured to fight recklessly!
You are too injured to fight recklessly!
You are too injured to fight recklessly!
You are too injured to fight recklessly!
You are too injured to fight recklessly!
You are too injured to fight recklessly!
You are too injured to fight recklessly!
You are too injured to fight recklessly!
You are too injured to fight recklessly!
There is an open door here.
You aren't carrying any items that you can evoke.
Sorry, you're not good enough to have a special ability.
You feel very mighty all of a sudden. The ogre hits you with a +0 giant club!
You die...

##............# #.#
###########'####.#####.######
#......#.....................
#......#.#...................
#......#.#.#.###.###.########
#......#.#.#.# #.# #.#
#####......#.#.#.# #.# #.#
....#......#.#.#O# #<###.##
.##.##'#####.#.#@###......#######
.##.##.#####.#.#.#...............
.##............#.#÷#.###..#######
.##....##.................#######
.##....##.##.....................
..'.(..##.##.............########
###....##.##..####.###.###
.<.....................#
#..#####..##..##.......# ******


You could see an ogre.

Vanquished Creatures
  A howler monkey (D:2)
  2 hounds
  Crazy Yiuf (D:3)
  A hound skeleton (D:4)
  2 adders
  An ufetubus (D:4)
  An adder skeleton (D:4)
  2 worms
  6 dart slugs
  11 orcs
  5 ball pythons
  9 bats
  7 endoplasms
  A giant cockroach (D:2)
  7 goblins
  7 hobgoblins
  4 quokkas
  2 frilled lizards (D:1)
  5 kobolds
  9 rats
84 creatures vanquished.

Notes
Turn   | Place    | Note
-------+----------+-------------------------------------------
     0 | D:1      | speeev33 the Gargoyle Fighter began the quest for the Orb.
     0 | D:1      | Reached XP level 1. HP: 14/14 MP: 1/1
   264 | D:1      | Reached XP level 2. HP: 19/19 MP: 2/2
   802 | D:1      | Reached XP level 3. HP: 12/23 MP: 3/3
  1458 | D:2      | Found a glowing golden altar of the Shining One.
  1468 | D:2      | Reached XP level 4. HP: 25/29 MP: 4/4
  1516 | D:2      | Found a faded altar of an unknown god.
  1544 | D:2      | You fall into a shaft and drop 2 floors!
  1551 | D:4      | Noticed an ogre
  2063 | D:2      | Reached XP level 5. HP: 11/33 MP: 5/5
  2529 | D:2      | Found Ekoeloum's Armour Emporium.
  2802 | D:3      | Found a sacrificial altar of Ru.
  2930 | D:3      | Found a runed translucent door.
  2931 | D:3      | Noticed Crazy Yiuf
  2938 | D:3      | Killed Crazy Yiuf
  3825 | D:4      | Reached XP level 6. HP: 32/39 MP: 6/6
  4041 | D:4      | Slain by an ogre

Illustrated notes

Levels and vault maps discovered:
D:1:      dpeg_arrival_signposts, layout_basic
D:2:      layout_rooms, basic_altar, serial_shops, nicolae_lakefront_shop,
          hellmonk_ecumenical_altar_crossroads
D:3:      layout_basic, nicolae_ru_awakened_eye, st_stairs_9,
          uniq_crazy_yiuf_cottage
D:4:      layout_basic, lemuel_coloured_pillars_altar

Skill      XL: |  1  2  3  4 |
---------------+-------------+-----
Shields        | 4 |  4.6
Armour         | 4 |  4.7
Fighting       | 4 |  4.6
Maces & Flails | 3 |  3.5

Action                   |  1- 3 |  4- 6 || total
-------------------------+-------+-------++-------
Melee: Flail             |   117 |   179 ||   296
  Use: Scroll            |     1 |    10 ||    11
       Potion            |       |     1 ||     1
Armor: Scale mail        |    75 |   120 ||   195
Dodge: Dodged            |    36 |    52 ||    88
Block: Kite shield       |    68 |   113 ||   181
